 Dungeon Crawl Stone Soup version 0.24-a0-203-gf0bc1e9 (webtiles) character file.

Game seed: 7356066297042822175

54 Inarius the Skirmisher (level 3, 29/29 HPs)
             Began as a Demonspawn Abyssal Knight on Mar 27, 2019.
             Was a Believer of Lugonu.
             Got out of the dungeon alive.
             The game lasted 00:02:13 (1753 turns).

Inarius the Skirmisher (Demonspawn Abyssal Knight)  Turns: 1753, Time: 00:02:14

Health: 29/29      AC:  3    Str: 13    XL:     3   Next: 66%
Magic:  5/5        EV: 11    Int: 13    God:    Lugonu [**....]
Gold:   19         SH:  0    Dex: 12    Spells: 2/2 levels left

rFire    . . .     SeeInvis .   a - +1 hand axe
rCold    . . .     Gourm    .   (no shield)
rNeg     . . .     Faith    .   b - +0 leather armour
rPois    .         Spirit   .   (no helmet)
rElec    .         Reflect  .   (no cloak)
rCorr    .         Harm     .   (no gloves)
MR       .....                  (no boots)
Stlth    +.........             (no amulet)
HPRegen  0.09/turn              (no ring)
MPRegen  0.09/turn              (no ring)

@: no status effects
A: claws 1, powered by pain 1
a: Depart the Abyss, Bend Space, Renounce Religion


You escaped.
You worshipped Lugonu.
Lugonu was pleased with you.
You were not hungry.

You visited 1 branch of the dungeon, and saw 1 of its levels.
You visited the Abyss 1 time.

You collected 19 gold pieces.

Inventory:

Hand Weapons
 a - a +1 hand axe (weapon)
Missiles
 e - 7 silver javelins (quivered)
Armour
 b - a +0 leather armour (worn)
Scrolls
 d - a scroll of blinking {unknown}
 f - 2 scrolls of remove curse {unknown}
 i - a scroll of enchant weapon {unknown}
Potions
 g - a potion of haste {unknown}
Comestibles
 c - 3 rations
 h - 7 chunks of flesh


   Skills:
 - Level 3.3 Fighting
 - Level 2.5 Axes
 * Level 2.3 Armour
 + Level 1.1 Dodging
 - Level 0.2 Stealth
 * Level 3.1 Invocations


You had 2 spell levels left.
You didn't know any spells.
Your spell library was empty.

Dungeon Overview and Level Annotations

Branches:
Dungeon (1/15)

Altars:


Innate Abilities, Weirdness & Mutations

You have sharp fingernails.
You sometimes gain a little power by taking damage.


Message History

No target in view!
No target in view!
No target in view!
No target in view!
No target in view!
No target in view!
No target in view!
No target in view!
No target in view!
No target in view!
No target in view!
No target in view!
No target in view!
No target in view!
There is an open door here.
Some of the chunks of flesh in your inventory have rotted away.
There is an open door here.
There is a staircase leading out of the dungeon here.
Are you sure you want to leave the Dungeon?
This will make you lose the game!
You have escaped!

####.# .. #...(..# #.. .....#
#.# #......#.#### ###..# #.#
#......#.# .....# ####.#
#..>...#.# ..##.# ##.##.#
#......#.# .....###..##.#
#......#.# ##
...####...##.########(.....#.#
#. ...#
#.#.'..#.....#.........# #.
...# #..†##.#.8@8.#..).###..#
#. ...#
##..##.#.....#....###..# #.
...### ##.##.##...##....'.#..#
#.
.....#######.###'###....#.#..#
#. ####.......#.....#
#....#.#..# #. #.......'.#####
######.##.###.
#.......#.######## #.##.....
#########.#).....### #.##.>...
#...###.#..# #.##.####


There were no monsters in sight!

Vanquished Creatures
  A gnoll (D:1)
  An ooze (D:1)
  A dart slug (D:1)
  A giant cockroach (D:1)
  5 goblins (D:1)
  9 hobgoblins (D:1)
  4 jackals (D:1)
  3 bats (D:1)
  2 frilled lizards (D:1)
  5 kobolds (D:1)
  A rat (D:1)
33 creatures vanquished.

Vanquished Creatures (others)
  A bat (D:1)
1 creature vanquished.

Grand Total: 34 creatures vanquished

Notes
Turn   | Place    | Note
-------+----------+-------------------------------------------
     0 | Abyss:1  | Inarius the Demonspawn Abyssal Knight began the quest for
                  | the Orb.
     0 | Abyss:1  | Reached XP level 1. HP: 18/18 MP: 2/2
    18 | D:1      | Escaped the Abyss
   280 | D:1      | Gained mutation: You sometimes gain a little power by
                  | taking damage. [demonic ancestry]
   280 | D:1      | Reached XP level 2. HP: 20/24 MP: 4/4
   494 | D:1      | Reached skill level 1 in Dodging
   789 | D:1      | Reached ** piety under Lugonu
   792 | D:1      | Gained mutation: You have sharp fingernails. [demonic
                  | ancestry]
   792 | D:1      | Reached XP level 3. HP: 21/29 MP: 5/5
  1753 | D:$      | Got out of the dungeon alive.

Levels and vault maps discovered:
D:1:      dpeg_arrival_renting, layout_basic
Abyss:1:  hangedman_abyss_or_decor_slice, serial_sigils_hangedman_shear

Skill      XL: |  1  2  3 |
---------------+----------+-----
Axes           | 2 |  2.5
Dodging        | 1 |  1.1
Armour         | 2 |  2.3
Invocations    | 3 |  3.1
Fighting       | |  3.3
Stealth        | |  0.2

Action                   || total
-------------------------++-------
Melee: Hand axe          ||    88
 Stab: Sleeping          ||     1
  Eat: Chunk             ||     3
Armor: Leather armour    ||    29
Dodge: Dodged            ||    68

Table legend:
 A = Non-vault XP
 B = Vault XP
 C = Vault XP percentage of total XP
 D = Non-vault monster count
 E = Vault monster count
 F = Vault count percentage of total count
                 A         B        C        D         E       F
            +---------+---------+-------+---------+---------+-------
      Total |      78 |       0 |   0.0 |      33 |       0 |   0.0
            +---------+---------+-------+---------+---------+-------
        D:1 |      78 |       0 |   0.0 |      33 |       0 |   0.0
            +---------+---------+-------+---------+---------+-------
